 Dungeon Crawl Stone Soup version 0.28-a0-1505-g8c907de6ad (webtiles) character file.

Game seed: 13053997713527234487

72 kae the Insei (level 4, 0/32 HPs)
             Began as a Demonspawn Transmuter on Jan 13, 2022.
             Slain by a gnoll (13 damage)
             ... on level 3 of the Dungeon.
             The game lasted 00:01:03 (2927 turns).

kae the Insei (Demonspawn Transmuter)               Turns: 2927, Time: 00:01:04

Health: 0/32       AC:  2    Str: 10    XL:     4   Next: 6%
Magic:  4/7        EV: 12    Int: 17    God:
Gold:   72         SH:  0    Dex: 13    Spells: 3/7 levels left

rFire   . . .      SeeInvis .     - Unarmed
rCold   . . .      Faith    .   (no shield)
rNeg    . . .      Spirit   .   a - +0 robe
rPois   .          Reflect  .   (no helmet)
rElec   .          Harm     .   (no cloak)
rCorr   .          Rampage  .   (no gloves)
Will    .....                   (no boots)
Stlth   +.........              (no amulet)
HPRegen 0.10/turn               (no ring)
MPRegen 0.10/turn               (no ring)

@: no status effects
A: ignite blood 1, demonic touch 1
a: no special abilities


You were on level 3 of the Dungeon.
You visited 1 branch of the dungeon, and saw 3 of its levels.

You collected 72 gold pieces.

Inventory:

Armour
 a - a +0 robe (worn)
Jewellery
 c - a ring of fire
Wands
 g - a wand of acid (7)
Scrolls
 b - a scroll of immolation {unknown}
 e - a scroll of teleportation
 h - a scroll of fog {unknown}
Potions
 d - a potion of brilliance
 f - a potion of curing


   Skills:
 + Level 1.4 Fighting
 + Level 2.0 Dodging
 * Level 3.2 Unarmed Combat
 + Level 2.3 Spellcasting
 * Level 2.6 Transmutations
 * Level 0.9 Poison Magic


You had 3 spell levels left.
You knew the following spells:

 Your Spells              Type           Power      Damage    Failure   Level
a - Beastly Appendage     Tmut           22%        N/A       6%          1
b - Spider Form           Tmut/Pois      8%         N/A       26%         3

Your spell library contained the following spells:

 Spells                   Type           Power      Damage    Failure   Level
 Wereblood                Tmut           11%        N/A       10%         2
 Passwall                 Tmut/Erth      5%         N/A       16%         2
 Ensorcelled Hibernation  Hex/Ice        4%         N/A       28%         2
 Swiftness                Air            2%         N/A       50%         3
 Ice Form                 Ice/Tmut       6%         N/A       71%         4


Dungeon Overview and Level Annotations

Branches:
Dungeon (3/15)

Altars:


Innate Abilities, Weirdness & Mutations

Your demonic aura sometimes causes spilled blood to erupt in flames.
Your touch may inflict minor irresistible damage on your foes.


Message History

Okay, then.
Casting: Beastly Appendage (safe; 7% risk of failure)
Confirm with . or Enter, or press ? or * to list all spells.
The spell is extremely dangerous to miscast (32% risk of failure)!
Continue anyway? [Y]es or [N]o only, please.
The spell is extremely dangerous to miscast (32% risk of failure)!
Continue anyway?
You turn into a venomous arachnid creature.
Your +0 robe melds into your body.
A gnoll comes into view. It is wielding a +0 halberd.
Aiming: Corrosive Bolt
Press: ? - help, Shift-Dir - straight line, f - gnoll
Aim: a gnoll, wielding a +0 spear (75% to hit)
The bolt of acid hits the gnoll!
You kill the gnoll!
Your transformation is almost over.
You see here a +0 spear.
The gnoll hits you with a +0 spear! The gnoll closely misses you.
You hit the gnoll but do no damage.
The gnoll is poisoned.
The gnoll closely misses you. The gnoll misses you.
You hit the gnoll.
The gnoll looks as sick as possible!
The gnoll is moderately wounded.
The gnoll barely misses you.
You hit the gnoll.
The gnoll looks as sick as possible!
The gnoll is severely wounded.
The gnoll hits you from afar with a +0 halberd.
The gnoll completely misses you.
You are too injured to fight recklessly!
You bite the gnoll!
You kill the gnoll!
The gnoll misses you.
The gnoll hits you from afar with a +0 halberd.
You have reached level 4!
You feel clever.
You see here a +0 spear.
Your transformation has ended.
Your +0 robe unmelds from your body.
There is a stone staircase leading up here.
The gnoll hits you with a +0 whip.
The gnoll hits you from afar with a +0 halberd!
You die...

#..# #..# #..#
..## ... ### #.#
...##
#.######)#.....#
#....@gg........
##########.....#
...## ###


You could see 2 gnolls.

Vanquished Creatures
  2 gnolls (D:3)
  An adder (D:2)
  A dart slug (D:2)
  5 ball pythons
  6 bats
  2 endoplasms
  3 giant cockroaches
  6 goblins (D:1)
  2 hobgoblins (D:1)
  4 jackals
  A quokka (D:1)
  A frilled lizard (D:1)
  3 kobolds
  3 rats (D:1)
40 creatures vanquished.

Notes
Turn   | Place    | Note
-------+----------+-------------------------------------------
     0 | D:1      | kae the Demonspawn Transmuter began the quest for the Orb.
     0 | D:1      | Reached XP level 1. HP: 15/15 MP: 3/3
   375 | D:1      | Gained mutation: Your demonic aura sometimes causes spilled
                  | blood to erupt in flames. [demonic ancestry]
   375 | D:1      | Reached XP level 2. HP: 16/21 MP: 3/5
  1071 | D:1      | Reached skill level 3 in Unarmed Combat
  1572 | D:1      | Discovered your monstrous ancestry.
  1572 | D:1      | Gained mutation: Your touch may inflict minor irresistible
                  | damage on your foes. [demonic ancestry]
  1572 | D:1      | Reached XP level 3. HP: 25/26 MP: 4/6
  1576 | D:1      | Learned a level 3 spell: Spider Form
  2530 | D:2      | Found a faded altar of an unknown god.
  2924 | D:3      | Reached XP level 4. HP: 15/32 MP: 4/7
  2927 | D:3      | Slain by a gnoll

Illustrated notes

Levels and vault maps discovered:
D:1:      dpeg_cavernosity, layout_basic
D:2:      layout_basic, dreamdust_ecumenical_altar_grove,
          minmay_misc_feat_diagonals
D:3:      layout_loops_ring, mainiacjoe_overflow_six_doors_small,
          mainiacjoe_overflow_two_lobes, uniq_grinder

Skill      XL: |  1  2  3 |
---------------+----------+-----
Transmutations | 2 |  2.6
Unarmed Combat | 3 |  3.2
Dodging        | 2 |  2.0
Fighting       | |  1.4
Spellcasting   | |  2.3
Poison Magic   | |  0.9

Action                   |  1- 3 |  4- 6 || total
-------------------------+-------+-------++-------
Melee: Unarmed           |    87 |       ||    87
       Headbutt          |     6 |       ||     6
       Kick              |    10 |       ||    10
       Touch             |     3 |       ||     3
       Punch             |     1 |       ||     1
 Cast: Beastly Appendage |    23 |       ||    23
       Spider Form       |     1 |       ||     1
Evoke: Wand              |     1 |       ||     1
  Use: Scroll            |     3 |       ||     3
Armor: Robe              |    24 |       ||    24
Dodge: Dodged            |    65 |       ||    65

Table legend: (Time is in decaauts)
 A = Elapsed time spent in this place.
 B = Non-inter-level travel time spent in this place.
 C = Inter-level travel time spent in this place.
 D = Time resting spent in this place.
 E = Time spent auto-exploring this place.
 F = Levels seen in this place.
 G = Mean time per level.
                   A        B        C        D        E       F      G
               +--------+--------+--------+--------+--------+-----+--------+
         Total |   2921 |   2860 |     61 |     98 |   2488 |   3 |  973.7 |
       Dungeon |   2921 |   2860 |     61 |     98 |   2488 |   3 |  973.7 |
               +--------+--------+--------+--------+--------+-----+--------+

Top non-repeatable levels by time:
     D:1: 1971 daAuts
     D:2: 935 daAuts
     D:3: 14 daAuts
